 Dungeon Crawl Stone Soup version 0.28-a0-1182-g381e24db82 (webtiles) character file.

Game seed: 12361125030779332390

54 lonewolfV2 the Skirmisher (level 3, -3/33 HPs)
             Began as a Draconian Fighter on Dec 16, 2021.
             Slain by Natasha (5 damage)
             ... on level 2 of the Dungeon.
             The game lasted 00:02:58 (1579 turns).

lonewolfV2 the Skirmisher (Draconian Fighter)       Turns: 1579, Time: 00:03:03

Health: -3/33      AC:  5    Str: 20    XL:     3   Next: 66%
Magic:  3/3        EV:  9    Int:  8    God:
Gold:   53         SH:  4    Dex: 12    Spells: 2/2 levels left

rFire   . . .      SeeInvis .   a - +0 long sword
rCold   . . .      Faith    .   b - +0 buckler
rNeg    . . .      Spirit   .   (armour unavailable)
rPois   .          Reflect  .   (helmet restricted)
rElec   .          Harm     .   (no cloak)
rCorr   .          Rampage  .   (no gloves)
Will    .....                   (no boots)
Stlth   +.........              (no amulet)
HPRegen 0.11/turn               (no ring)
MPRegen 0.08/turn               (no ring)

@: constricted
A: AC +5, unfitting armour, cold-blooded, talons 1, agile 1, wild magic 1
a: no special abilities


You were on level 2 of the Dungeon.
You visited 1 branch of the dungeon, and saw 2 of its levels.

You collected 53 gold pieces.

Inventory:

Hand Weapons
 a - a +0 long sword (weapon)
Missiles
 g - a throwing net (quivered)
Armour
 b - a +0 buckler (worn)
Scrolls
 e - 2 scrolls of fog
Potions
 c - 2 potions of might
 f - a potion of brilliance {unknown}
 h - a potion of attraction {unknown}
 i - a potion of heal wounds {unknown}


   Skills:
 + Level 3.8 Fighting
 + Level 2.7 Long Blades
 + Level 3.0 Dodging
 + Level 0.2 Stealth
 + Level 3.4 Shields


You had 2 spell levels left.
You didn't know any spells.
Your spell library was empty.

Dungeon Overview and Level Annotations

Branches:
Dungeon (2/15)

Altars:

Annotations:
D:2 Natasha


Innate Abilities, Weirdness & Mutations

Your plain brown scales are hard. (AC +5)
You cannot fit into any form of body armour.
You are cold-blooded and may be slowed by cold attacks.
You have sharp toenails.
You are agile. (Dex +2)
Your spells are a little harder to cast, but a little more powerful.


Message History

You barely miss Natasha.
The hobgoblin shouts!
You hear an angry hiss.
Natasha barely misses you.
A ball python comes into view.
Natasha closely misses you.
You hit Natasha.
Natasha is moderately wounded.
Natasha hisses.
Natasha barely misses you.
You closely miss Natasha.
Your tail-slap misses Natasha.
Natasha is moderately wounded.
Natasha drinks a potion.
Natasha suddenly seems more resistant.
You barely miss Natasha.
Natasha is moderately wounded.
Natasha stares at you and mumbles some strange words.
The magic dart hits you.
You hit Natasha.
Your tail-slap misses Natasha.
Natasha is severely wounded.
Natasha casts a spell.
Natasha claws you.
You hit Natasha.
Natasha is almost dead.
The hobgoblin hits you but does no damage.
Natasha closely misses you.
The crimson imp blinks!
You miss Natasha.
You tail-slap Natasha, but do no damage.
Natasha is almost dead.
The hobgoblin barely misses you.
Natasha stares at you and mumbles some strange words.
The magic dart hits you!
* * * LOW HITPOINT WARNING * * *
The hobgoblin barely misses you.
It was a potion of mutation.
You feel extremely strange.
Your toenails lengthen and sharpen.
You feel agile.
You feel less in control of your magic. The ball python closely misses you.
The ball python grabs you. The ball python constricts you.
* * * LOW HITPOINT WARNING * * *
Natasha claws you.
You die...

####### #.....## ####
#####..# ...# ##.# .
##.# #)#####....
##.........#
###..#####....
#?.†.........#
#.##.).g.##.## #
...#...@h....#
####.....####....S...##
.....### #........#
####... ##.......#
.....# #.......5.
..#### .........## ..#
#........## #..
.......... #..


You could see Natasha (resistant), a crimson imp (summoned), a hobgoblin and a
ball python.

Vanquished Creatures
  An adder (D:2)
  A worm (D:2)
  A dart slug (D:1)
  4 ball pythons (D:1)
  4 endoplasms
  A giant cockroach (D:2)
  3 goblins (D:1)
  3 hobgoblins
  6 jackals (D:1)
  4 kobolds
  2 quokkas (D:1)
  3 bats
  2 rats
35 creatures vanquished.

Notes
Turn   | Place    | Note
-------+----------+-------------------------------------------
     0 | D:1      | lonewolfV2 the Draconian Fighter began the quest for the
                  | Orb.
     0 | D:1      | Reached XP level 1. HP: 19/19 MP: 1/1
   461 | D:1      | Reached XP level 2. HP: 26/26 MP: 2/2
  1001 | D:1      | Reached XP level 3. HP: 26/31 MP: 3/3
  1565 | D:2      | Noticed Natasha
  1579 | D:2      | Gained mutation: You have sharp toenails. [potion of
                  | mutation]
  1579 | D:2      | Gained mutation: You are agile. (Dex +2) [potion of
                  | mutation]
  1579 | D:2      | Gained mutation: Your spells are a little harder to cast,
                  | but a little more powerful. [potion of mutation]
  1579 | D:2      | Slain by Natasha

Illustrated notes

Levels and vault maps discovered:
D:1:      lightli_arrival_isolated_outpost, layout_basic
D:2:      layout_rooms, minmay_hedge_maze, uniq_natasha

Skill      XL: |  1  2 |
---------------+-------+-----
Dodging        | 3 |  3.0
Fighting       | |  3.8
Long Blades    | |  2.7
Stealth        | |  0.2
Shields        | |  3.4

Action                   || total
-------------------------++-------
Melee: Long sword        ||    85
       Tailslap          ||     9
  Use: Scroll            ||     4
       Potion            ||     1
Armor: Skin              ||    34
Dodge: Dodged            ||    77
Block: Buckler           ||    19

Table legend: (Time is in decaauts)
 A = Elapsed time spent in this place.
 B = Non-inter-level travel time spent in this place.
 C = Inter-level travel time spent in this place.
 D = Time resting spent in this place.
 E = Time spent auto-exploring this place.
 F = Levels seen in this place.
 G = Mean time per level.
                   A        B        C        D        E       F      G
               +--------+--------+--------+--------+--------+-----+--------+
         Total |   1612 |   1532 |     80 |      0 |   1219 |   2 |  806.0 |
       Dungeon |   1612 |   1532 |     80 |      0 |   1219 |   2 |  806.0 |
               +--------+--------+--------+--------+--------+-----+--------+

Top non-repeatable levels by time:
     D:1: 1380 daAuts
     D:2: 231 daAuts
